 Dungeon Crawl Stone Soup version 0.23.2-1-ga50397a (webtiles) character file.

Game seed: 13954427089511547389

53 Kairos the Ruffian (level 3, -2/32 (33) HPs)
             Began as a Ghoul Monk on Apr 24, 2019.
             Slain by a goblin (4 damage)
             ... led by Robin
             ... on level 2 of the Dungeon.
             The game lasted 00:01:38 (930 turns).

Kairos the Ruffian (Ghoul Monk)                      Turns: 930, Time: 00:01:39

HP:   -2/32 (33)    AC:  2    Str: 15    XL:     3   Next: 89%
MP:   2/2           EV: 13    Int:  5    God:
Gold: 20            SH:  0    Dex: 11    Spells: 2/2 levels left

rFire    . . .     SeeInvis .     - Unarmed
rCold    + . .     Gourm    .   (no shield)
rNeg     + + +     Faith    .   a - +0 robe
rPois    ∞         Spirit   .   (no helmet)
rElec    .         Reflect  .   (no cloak)
rCorr    .         Harm     .   (no gloves)
MR       .....                  (no boots)
Stlth    ++........             (no amulet)
HPRegen  0.00/turn              (no ring)
MPRegen  0.08/turn              (no ring)

@: rotting
A: rotting body, claws 1, carnivore, cold resistance 1, negative energy
resistance 3, inhibited regeneration, torment resistance, unbreathing
a: no special abilities


You were on level 2 of the Dungeon.
You were not hungry.

You visited 1 branch of the dungeon, and saw 2 of its levels.

You collected 20 gold pieces.

Inventory:

Armour
 a - a +0 robe (worn)
Jewellery
 g - an uncursed ring of ice
Scrolls
 d - 2 scrolls of identify {unknown}
 f - a scroll of enchant armour {unknown}
Potions
 c - a potion of cancellation {unknown}
 e - 2 potions of curing {unknown}
Comestibles
 b - 4 rations


   Skills:
 + Level 3.7 Fighting
 + Level 3.2 Dodging
 + Level 2.4 Stealth
 + Level 4.0 Unarmed Combat


You had 2 spell levels left.
You didn't know any spells.
Your spell library was empty.

Dungeon Overview and Level Annotations

Branches:
Dungeon (2/15)

Altars:


Innate Abilities, Weirdness & Mutations

Your body is rotting away.
You thrive on raw meat.
You are immune to poison.
You have sharp fingernails.
You are carnivorous and can eat meat at any time.
Your flesh is cold resistant. (rC+)
You are immune to negative energy. (rN+++)
You do not regenerate when monsters are visible.
You are immune to unholy pain and torment.
You can survive without breathing.


Message History

The hobgoblin no longer looks unusually strong.
The gnoll throws a throwing net.
The throwing net closely misses you. The goblin hits you with a +0 dagger!
* * * LOW HITPOINT WARNING * * *
A gnoll comes into view. It is wielding a +0 whip.
The goblin completely misses you.
The goblin no longer looks unusually strong.
The hobgoblin barely misses you. The goblin hits you with a +0 club.
* * * LOW HITPOINT WARNING * * *
The hobgoblin hits you but does no damage.
The hobgoblin hits you with a +0 club.
* * * LOW HITPOINT WARNING * * *
The hobgoblin barely misses you.
The goblin no longer looks unusually strong.
A goblin comes into view.
The goblin shouts!
The hobgoblin no longer looks unusually strong.
The goblin hits you.
You die...

#. #..# #...... #..#..# #
#..#..# #.#..#..#
#.#.....# ##.......+ . .
##.##.##.#g@.#....
..........g......##. <#
#.#.##g#.g......##.##.# .
#...##.#..###'#.##.##.##.
#...g..g...............
#..#gg##.#... .#...#.#
##....##.#.#####.....#
####...............#g#.#
#....g()).......gg.g..g#


You could see a hobgoblin and 5 goblins.

Vanquished Creatures
  Robin (D:2)
  An adder (D:2)
  2 leopard geckos (D:1)
  A ball python (D:1)
  2 giant cockroaches
  4 goblins
  6 hobgoblins
  A kobold (D:1)
  A quokka (D:2)
  5 bats (D:1)
  3 frilled lizards (D:1)
  3 rats
30 creatures vanquished.

Notes
Turn   | Place    | Note
-------+----------+-------------------------------------------
     0 | D:1      | Kairos the Ghoul Monk began the quest for the Orb.
     0 | D:1      | Reached XP level 1. HP: 19/19 MP: 0/0
   145 | D:1      | Reached XP level 2. HP: 22/26 MP: 1/1
   418 | D:1      | Reached XP level 3. HP: 20/31 MP: 2/2
   638 | D:2      | Noticed Robin
   911 | D:2      | Killed Robin
   911 | D:2      | Reached skill level 4 in Unarmed Combat
   930 | D:2      | Slain by a goblin

Skill      XL: |  1  2  3 |
---------------+----------+-----
Dodging        | 3 |  3.2
Unarmed Combat | 4 |  4.0
Fighting       | |  3.7
Stealth        | |  2.4

Action                   || total
-------------------------++-------
Melee: Unarmed           ||    82
 Stab: Sleeping          ||     2
  Eat: Chunk             ||     7
Armor: Robe              ||    20
Dodge: Dodged            ||    78
